 Dungeon Crawl Stone Soup version 0.27.0-1-g7a089689b8 (webtiles) character file.

Game seed: 12577139725321994999

30 Delamore the Sneak (level 3, -4/25 HPs)
             Began as an Octopode Brigand on Aug 6, 2021.
             Slain by a goblin (7 damage)
             ... led by Robin
             ... on level 2 of the Dungeon.
             The game lasted 00:00:49 (856 turns).

Delamore the Sneak (Octopode Brigand)                Turns: 856, Time: 00:00:49

Health: -4/25      AC:  1    Str: 10    XL:     3   Next: 18%
Magic:  3/3        EV: 12    Int: 13    God:
Gold:   22         SH:  0    Dex: 14    Spells: 2/2 levels left

rFire    . . .     SeeInvis .   a - +2 dagger
rCold    . . .     Faith    .   (no shield)
rNeg     . . .     Spirit   .   (helmet restricted)
rPois    .         Reflect  .   (no amulet)
rElec    .         Harm     .   (no ring)
rCorr    .         Rampage  .   (no ring)
Will     .....                  (no ring)
Stlth    +++.......             (no ring)
HPRegen  0.08/turn              (no ring)
MPRegen  0.08/turn              (no ring)
                                (no ring)
                                (no ring)

@: silenced, flying
A: almost no armour, amphibious, 8 rings, camouflage 1, gelatinous body 1,
(nimble swimmer 1), tentacles
a: no special abilities


You were on level 2 of the Dungeon.
You visited 1 branch of the dungeon, and saw 2 of its levels.

You collected 22 gold pieces.

Inventory:

Hand Weapons
 a - a +2 dagger (weapon)
Missiles
 b - 8 poisoned darts (quivered)
Scrolls
 d - 2 scrolls of silence
 e - 2 scrolls of fog {unknown}
 f - a scroll of identify {unknown}


   Skills:
 + Level 2.4 Fighting
 * Level 2.9 Short Blades
 - Level 2.0 Throwing
 - Level 1.0 Dodging
 + Level 5.7 Stealth


You had 2 spell levels left.
You didn't know any spells.
Your spell library contained the following spells:

 Spells                   Type           Power      Damage    Failure   Level
 Passwall                 Tmut/Erth      0%         N/A       43%         2
 Static Discharge         Conj/Air       0%         N/A       43%         2
 Swiftness                Air            0%         N/A       67%         3
 Lightning Bolt           Conj/Air       0%         1d11      100%        5
 Invisibility             Hex            0%         N/A       100%        6
 Maxwell's Capacitive Co  Air            0%         ∞         100%        8


Dungeon Overview and Level Annotations

Branches:
Dungeon (2/15)

Altars:

Annotations:
D:2 Robin


Innate Abilities, Weirdness & Mutations

You cannot wear most types of armour.
You are amphibious.
You can wear up to eight rings at the same time.
Your skin changes colour to match your surroundings (Stealth+).
Your rubbery body absorbs attacks. (AC +1, EV +1)
((You are camouflaged near water. (Stealth+)))
You have tentacles for arms and can constrict up to eight enemies at once.


Message History

You constrict the goblin, but do no damage.
A hobgoblin comes into view.
The goblin barely misses you.
Robin roars a battlecry!
The goblin hits you with a +0 dagger.
You hear an angry hiss.
You hit the goblin.
You kill the goblin!
The goblin hits you with a +0 club.
Throw: 2 darts (curare)
Press: ? - help, Q - select action, (/) - cycle Shift-Dir - straight line, f - goblin
Aim: a goblin, wielding a +0 club (strong, 53% to hit)
You throw a curare-tipped dart.
The curare-tipped dart barely misses the goblin.
The curare-tipped dart closely misses the goblin. x2
The curare-tipped dart hits the hobgoblin.
The hobgoblin is poisoned.
The hobgoblin convulses.
You kill the hobgoblin!
Robin throws the goblin at you! The goblin hits you with a +0 club!
* * * LOW HITPOINT WARNING * * *
The goblin hits you but does no damage.
Throw: dart (curare)
Press: ? - help, Q - select action, (/) - cycle Shift-Dir - straight line, f/p - goblin
Aim: a goblin, wielding a +0 club (strong, 53% to hit)
You throw a curare-tipped dart. The curare-tipped dart hits the goblin.
The goblin is poisoned.
The goblin convulses.
You kill the goblin!
Robin's horned helmet rattles.
Robin drinks a potion.
Robin seems to speed up.
It was a potion of flight.
You feel very buoyant.
You fly up into the air.
The goblin hits you with a +0 club.
* * * LOW HITPOINT WARNING * * *
The goblin closely misses you.
As you read the scroll labelled VUMIOF AFIU, it crumbles to dust.
A profound silence engulfs you.
It was a scroll of silence.
An adder comes into view.
The goblin hits you with a +0 club!
You die...

######
#)...#
#.##.#
#.##.#
#.##.#
######.##g#
#†.....##@#
#)#######g#
#.# #g# #.#
.g. #.# #g#
#.# #(# #<#
#.# ### #S#


You could see Robin (fast), an adder, a hobgoblin (strong) and 3 goblins.

Vanquished Creatures
  5 bats (D:1)
  2 endoplasms (D:1)
  5 goblins
  3 hobgoblins
  2 kobolds (D:1)
  A quokka (D:1)
  2 ball pythons (D:1)
  3 frilled lizards (D:1)
  4 rats
27 creatures vanquished.

Notes
Turn   | Place    | Note
-------+----------+-------------------------------------------
     0 | D:1      | Delamore the Octopode Brigand began the quest for the Orb.
     0 | D:1      | Reached XP level 1. HP: 14/14 MP: 1/1
    25 | D:1      | Found a faded altar of an unknown god.
   242 | D:1      | Reached XP level 2. HP: 19/19 MP: 2/2
   827 | D:2      | Reached XP level 3. HP: 25/25 MP: 3/3
   846 | D:2      | Noticed Robin
   856 | D:2      | Slain by a goblin

Illustrated notes

Levels and vault maps discovered:
D:1:      minmay_arrival_four_loops, layout_basic,
          ebering_ecumenical_altar_sacrificial, minivault_11
D:2:      layout_basic, uniq_terence, uniq_robin

Action                   || total
-------------------------++-------
Melee: Dagger            ||    40
       Constrict         ||     8
       Tentacles         ||     2
Throw: Dart              ||     2
  Use: Scroll            ||     1
       Potion            ||     1
 Stab: Sleeping          ||    12
Armor: Skin              ||     9
Dodge: Dodged            ||    24
